Aurin, lawful male dwarven Archeologist ----- ---- --------- |....# # #|.. ....... -.<.|### # #|.- -.....- ----- |...+###########|.| |.....| |(((| ----- #########..| |.....| |(.(| ### |.| |.....+ |...| # |.| --+-.....----|---- -- | # |.---+--+--............(........| |.............{.....s{.....)....| |.-|-----|-....----h-...........| |.| ----.|....|.-------+- | |.| |.|....|.| |.| |.|.(@...| |.| +.|....|.+ |.------------.------.--------- | |...............................| --------------------------------- Aurin the Investigator Experience level: 7 Strength: 14 Dexterity: 7 Constitution: 11 Intelligence: 16 Wisdom: 16 Charisma: 13 Health: 0(49) Energy: 0(19) AC: 6 Gold: 0 Moves: 2499 Your Inventory: Armor b - an uncursed +0 leather jacket (being worn) O - a blessed +0 iron skull cap [orcish helm] U - a blessed +2 iron skull cap [orcish helm] (being worn) Comestibles d - an uncursed food ration w - an uncursed fortune cookie Rings H - an uncursed ring of poison resistance Wands v - an uncursed wand of sleep [0:3] Tools e - an uncursed +0 pick-axe (weapon in hand) h - an uncursed sack P - an uncursed tin whistle R - an uncursed partly used [tallow] candle (0:75) Contents of the sack: 508 gold pieces an uncursed touchstone Spells known in the end: Name Level Category Fail Memory a - force bolt 1 attack 30% [||||||||] Your skills at the end: Fighting Skills Weapon Skills pick-axe [Basic / Expert] sling [Basic / Skilled] whip [Basic / Expert] Spellcasting Skills attack spells [Basic / Basic] Final Attributes: You were piously aligned. Hunger level was 211. Your alignment was 21 / 22. Monster difficulty range was 1 - 7. Level difficulty was 8. You had infravision. You were stealthy. You were fast. Your luck was zero. You are dead. Vanquished creatures: 2 small mimics 4 wolves a giant spider an imp 2 shriekers a gnome lord a gnomish wizard a straw golem a little dog a kobold lord 2 hill orcs a wererat 3 iguanas 3 coyotes a hobgoblin 3 giant rats a yellow mold 2 gnomes a gnome zombie a gecko 3 goblins a sewer rat 5 grid bugs 2 lichens 4 newts 48 creatures vanquished. Voluntary challenges: You used a wielded weapon 63 times. You read items or engraved 11 times. You put on armor 5 times. You never genocided any monsters. You never polymorphed an object. You never changed form. You used no wishes. You wrote Elbereth's name 2 times. You never encountered a bones level. You never used any Sokoban shortcuts. Dungeon overview: The Dungeons of Doom: levels 1 to 5 Level 1 a fountain a long staircase Level 2 some fountains Level 3 some sinks Level 4 a general store, some fountains stairs to The Gnomish Mines The Gnomish Mines: levels 5 to 8 Level 5 stairs to The Dungeons of Doom Level 8 <- You were here a lighting shop, a temple to Quetzalcoatl, a magic chest, some fountains History has recorded: On T:1 you entered the Dungeons of Doom to retrieve the Amulet of Yendor! On T:499 you reached level 2 of The Dungeons of Doom. On T:536 you reached level 3 of The Dungeons of Doom. On T:545 you advanced to experience level 2. On T:679 you advanced to experience level 3. On T:1014 you advanced to experience level 4. On T:1020 you reached level 4 of The Dungeons of Doom. On T:1190 you reached level 5 of The Dungeons of Doom. On T:1348 you advanced to experience level 5. On T:1605 you advanced to experience level 6. On T:1641 you reached level 1 of The Gnomish Mines. On T:1659 you reached level 2 of The Gnomish Mines. On T:1806 you reached level 3 of The Gnomish Mines. On T:2016 you reached level 4 of The Gnomish Mines. On T:2291 you advanced to experience level 7. Latest messages: The spell misses the giant spider. [HP+1=13] The spell misses the giant spider. You feel more confident in your spell casting skills. You are now most skilled in attack spells. [HP+1=14] [HP+1=15] The priestess of Quetzalcoatl intones: "Pilgrim, you enter a sacred place!" You experience a strange sense of peace. You hear some noises in the distance. You produce a high whistling sound. [HP+1=16] You hear some noises. The giant spider bites! The giant spider's bite was poisoned! You hear the howling of the CwnAnnwn... You die... Final status: Goodbye Aurin the Archeologist... You died in The Gnomish Mines on dungeon level 8 with 3034 points, and 508 pieces of gold, after 2499 moves. You were level 7 with a maximum of 49 hit points when you died.